 Dungeon Crawl Stone Soup version 0.30.0-19-g36f170ea60 (webtiles) character file.

Game seed: 1027872967098536884

2695 Bnni the Jinx (level 9, 0/61 HPs)
             Began as a Formicid Hexslinger on May 29, 2023.
             Was a Follower of Hepliaklqana.
             Slain by a moth of wrath (11 damage)
             ... on level 7 of the Dungeon.
             The game lasted 00:13:00 (5853 turns).

Bnni the Jinx (Formicid Hexslinger)                 Turns: 5853, Time: 00:13:01

Health: 0/61       AC:  4    Str: 15    XL:     9   Next: 96%
Magic:  25/25      EV: 12    Int: 17    God:    Hepliaklqana [*.....]
Gold:   461        SH:  0    Dex: 20    Spells: 1/17 levels left

rFire   + . .        x - +0 arbalest
rCold   . . .        (no shield)
rNeg    . . .        w - +0 robe {rF+}
rPois   .            (helmet unavailable)
rElec   .            (no cloak)
rCorr   .            d - +0 pair of gloves
SInv    +            j - +0 pair of boots
Will    .....        B - amulet of magic regeneration
Stlth   ++           s - ring "Rylung" {Wiz Dex+6 Slay+2}
HPRegen 0.30/turn    E - ring of magical power
MPRegen 0.59/turn

%: wizardry (x1)
@: no status effects
A: reduced essence, permanent stasis, dig shafts and tunnels, antennae 3, four
strong arms
a: Dig, Shaft Self, Renounce Religion, Recall Ancestor, Ancestor Identity


You were on level 7 of the Dungeon.
You worshipped Hepliaklqana.
Hepliaklqana was aware of your devotion.
You visited 2 branches of the dungeon, and saw 8 of its levels.

You collected 461 gold pieces.

Inventory:

Hand Weapons
 a - a +1 sling
 n - a +1 short sword of venom
 t - the +7 short sword "Liqenoe" {flame, Drain rPois SInv}
   (You found it on level 4 of the Dungeon)

   rPois:     It protects you from poison.
   SInv:      It lets you see invisible.
   Drain:     It drains your maximum health when unequipped.
 x - a +0 arbalest (weapon)
Missiles
 f - 13 poisoned darts
 y - a throwing net
Armour
 d - a +0 pair of gloves (worn)
 j - a +0 pair of boots (worn)
 w - a +0 robe of fire resistance (worn)
Jewellery
 s - the ring "Rylung" (left hand) {Wiz Dex+6 Slay+2}
   (You found it on level 4 of the Dungeon)

   [ring of wizardry]

   It improves your spell success rate.
   Dex:       It affects your dexterity (+6).
   Slay:      It affects your accuracy & damage with ranged weapons and melee
   (+2).
 B - an amulet of magic regeneration (around neck)
 E - a ring of magical power (right hand)
Scrolls
 b - 3 scrolls of poison
 c - 2 scrolls of magic mapping
 h - a scroll of teleportation {unknown}
 i - a scroll of fog
 l - a scroll of fear {unknown}
 m - a scroll of enchant weapon {unknown}
 p - a scroll of acquirement {unknown}
 q - 3 scrolls of enchant armour
 u - 2 scrolls of brand weapon
 C - a scroll of immolation
Potions
 e - a potion of heal wounds
 g - a potion of berserk rage {unknown}
 k - a potion of might {unknown}
 o - 4 potions of curing
 r - a potion of flight {unknown}
 v - 2 potions of brilliance {unknown}
 z - a potion of resistance {unknown}
 A - a potion of mutation {unknown}
 D - a potion of invisibility {unknown}


   Skills:
 + Level 5.4 Fighting
 * Level 7.1 Ranged Weapons
 - Level 1.7 Dodging
 + Level 4.7 Spellcasting
 * Level 9.1 Hexes
 - Level 3.0 Translocations
 - Level 3.0 Fire Magic


You had one spell level left.
You knew the following spells:

 Your Spells              Type           Power      Damage    Failure   Level
a - Slow                  Hex            100%       N/A       1%          1
b - Inner Flame           Hex/Fire       24%        N/A       1%          3
c - Portal Projectile     Hex/Tloc       48%        N/A       1%          3
d - Cause Fear            Hex            17%        N/A       1%          4
e - Volatile Blastmotes   Fire/Tloc      28%        2d12      5%          3
f - Passwall              Tmut/Erth      3%         N/A       9%          2

Your spell library contained the following spells:

 Spells                   Type           Power      Damage    Failure   Level
 Sandblast                Erth           8%         2d5       6%          1
 Sting                    Tmut/Pois      16%        1d3       6%          1
 Gell's Gravitas          Tloc           14%        N/A       5%          3
 Teleport Other           Tloc           14%        N/A       5%          3
 Poisonous Vapours        Pois/Air       8%         N/A       9%          2
 Fulminant Prism          Conj/Hex       9%         3d6       9%          4
 Stone Arrow              Conj/Erth      8%         3d7       17%         3
 Iskenderun's Mystic Bla  Conj/Tloc      9%         2d4       30%         4
 Olgreb's Toxic Radiance  Pois           4%         N/A       47%         4
 Lee's Rapid Deconstruct  Erth           2%         3d4*      82%         5
 Dispersal                Tloc           7%         N/A       92%         6


Dungeon Overview and Level Annotations

Branches:
Dungeon (7/15)             Temple (1/1) D:4

Altars:
Ashenzari
Dithmenos
Elyvilon
Fedhas
Gozag
Hepliaklqana
Kikubaaqudgha
Makhleb
Qazlal
Ru
Sif Muna
Trog
Uskayaw
Wu Jian
Xom
Yredelemnul
Zin

Annotations:
D:7 1 transporter, dertzug's ghost, novice MiGl


Innate Abilities, Weirdness & Mutations

Your life essence is reduced to manifest your ancestor. (-10% HP)
You cannot be hasted, slowed, berserked, paralysed or teleported.
You can dig through walls and to a lower floor.
You have a pair of large antennae on your head. (SInv)
Your four strong arms can wield two-handed weapons with a shield.


Message History

You start memorising the spell.
You continue memorising. x2
You finish memorising.
Spell assigned to 'f'.
The orc warrior shouts!
The ogre shouts!
You hear a shout!
There is a transporter here.
You enter the transporter and appear at another place.
Tankster McGee is recalled.
You shoot a bolt. The bolt hits the orc warrior.
The orc warrior is lightly wounded.
Tankster McGee barely misses the orc warrior.
Tankster McGee hits the orc warrior!
Tankster McGee is recalled.
The orc warrior goes berserk!
Tankster McGee barely misses the orc warrior.
You shoot a bolt. The bolt hits the orc warrior!
The orc warrior is severely wounded.
The orc warrior barely misses you.
You shoot a bolt. The bolt hits the orc warrior!
You kill the orc warrior!
Tankster McGee hits the moth of wrath.
Tankster McGee barely misses the moth of wrath.
Unknown command.
You shoot a bolt. The bolt hits the moth of wrath!
The moth of wrath is lightly wounded.
The moth of wrath bites you!
Tankster McGee hits the moth of wrath!
The moth of wrath bites you!
Unknown command.
You shoot a bolt. The bolt hits the moth of wrath!
The moth of wrath is heavily wounded.
Tankster McGee hits the moth of wrath.
The moth of wrath bites you!
Tankster McGee hits the moth of wrath.
You are too injured to fight recklessly!
Unknown command.
You shoot a bolt. The bolt hits the moth of wrath!
The moth of wrath is almost dead.
The moth of wrath bites you!
* * * LOW HITPOINT WARNING * * *
Tankster McGee closely misses the moth of wrath.
The moth of wrath bites you!
You die...

.....# #....#............#.###
.....## #....#....#####.......#
#.....# #.......###...###..##.#
#..##.####......##....#.###..#.#
...##...........#....###O{#..#.#
...>....#......##....#≈##.##.#.#
...<...........#.R.....#...#...#
#..###.##...^.©#©y##._{o...#©..#
...............#@## ...##..#..##
.#.#...##......##.###.# #.##.##
)#.#.####....#..##....#####..#
.#.#.# ######..##....#.###..#
##...# ##..###.©.###..## ...>##
#....#####....# #####
##...........## ###.......###
#########


You could see the friendly Tankster McGee the ancestor and a moth of wrath (ally
target).

Vanquished Creatures
  Menkaure (D:4)
  2 water moccasins (D:7)
  2 orc warriors (D:7)
  2 sky beasts
  3 ogres
  A hornet zombie (D:6)
  A centaur (D:7)
  5 phantoms (D:6)
  Blork the orc (D:4)
  2 water moccasin zombies (D:6)
  3 scorpions
  4 killer bees (D:7)
  3 howler monkeys
  A bullfrog zombie (D:6)
  A jelly (D:5)
  2 hounds (D:6)
  An orc priest (D:7)
  4 orc wizards (D:7)
  An iguana (D:7)
  A howler monkey skeleton (D:6)
  A howler monkey zombie (D:6)
  3 adders
  2 ufetubi
  A worm (D:2)
  4 dart slugs
  11 orcs
  5 endoplasms
  A giant cockroach (D:1)
  5 goblins
  2 hobgoblins (D:1)
  8 jackals
  A quokka (D:1)
  5 ball pythons
  2 bats (D:1)
  A frilled lizard (D:3)
  14 kobolds
  8 rats
115 creatures vanquished.

Vanquished Creatures (collateral kills)
  A phantom (D:7)
  A bullfrog (D:7)
  An orc wizard (D:7)
3 creatures vanquished.

Vanquished Creatures (others)
  A butterfly (D:5)
1 creature vanquished.

Grand Total: 119 creatures vanquished

Notes
Turn   | Place    | Note
-------+----------+-------------------------------------------
     0 | D:1      | Bnni the Formicid Hexslinger began the quest for the Orb.
     0 | D:1      | Reached XP level 1. HP: 15/15 MP: 2/2
   188 | D:1      | Reached XP level 2. HP: 20/21 MP: 3/3
   287 | D:1      | Reached skill level 4 in Hexes
   465 | D:1      | Reached XP level 3. HP: 26/26 MP: 4/4
  1120 | D:3      | Reached XP level 4. HP: 24/33 MP: 6/6
  1380 | D:3      | Learned a level 3 spell: Inner Flame
  2029 | D:4      | Found a staircase to the Ecumenical Temple.
  2050 | Temple   | Entered the Ecumenical Temple
  2296 | D:4      | Reached skill level 1 in Fire Magic
  2302 | D:4      | Identified the ring "Rylung" {Wiz Dex+6 Slay+2}
  2392 | D:4      | Identified the +7 short sword "Liqenoe" {flame, Drain rPois
                  | SInv}
  2418 | D:4      | Noticed a scorpion
  2447 | D:4      | Killed a scorpion
  2448 | D:4      | Reached XP level 5. HP: 38/38 MP: 1/7
  2687 | D:4      | Noticed Blork the orc
  2709 | D:4      | Killed Blork the orc
  2710 | D:4      | Reached skill level 5 in Hexes
  2710 | D:4      | Reached skill level 1 in Translocations
  2710 | D:4      | Reached XP level 6. HP: 6/46 MP: 1/9
  2786 | D:4      | Learned a level 4 spell: Cause Fear
  3194 | D:4      | Noticed an ogre
  3197 | D:4      | Killed an ogre
  3203 | D:4      | Noticed Menkaure
  3206 | D:4      | Killed Menkaure
  3207 | D:4      | Reached XP level 7. HP: 51/51 MP: 4/10
  3456 | D:5      | Entered Level 5 of the Dungeon
  3597 | D:5      | Found a hide-covered altar of Uskayaw.
  3620 | D:5      | Found a shimmering altar of Xom.
  4124 | D:5      | Found a white marble altar of Elyvilon.
  4273 | D:6      | Reached skill level 6 in Hexes
  4283 | D:6      | Found a hazy altar of Hepliaklqana.
  4287 | D:6      | Became a worshipper of Hepliaklqana the Forgotten
  4412 | D:6      | Learned a level 3 spell: Portal Projectile
  4437 | D:6      | Reached XP level 8. HP: 33/58 MP: 12/12
  4646 | D:6      | Reached skill level 5 in Ranged Weapons
  4742 | D:6      | Found a stormy altar of Qazlal.
  4799 | D:6      | Reached skill level 7 in Hexes
  4916 | D:6      | Learned a level 3 spell: Volatile Blastmotes
  4939 | D:6      | Found an opulent altar of Gozag.
  5148 | D:7      | Reached XP level 9. HP: 54/66 MP: 8/14
  5344 | D:7      | Reached skill level 8 in Hexes
  5357 | D:7      | Reached skill level 5 in Fighting
  5532 | D:7      | Reached * piety under Hepliaklqana
  5554 | D:7      | Found a shadowy altar of Dithmenos.
  5644 | D:7      | Reached skill level 9 in Hexes
  5691 | D:7      | Found a transporter.
  5699 | D:7      | Found a bloodstained altar of Trog.
  5699 | D:7      | Noticed dertzug's ghost (novice MiGl)
  5704 | D:7      | Noticed a moth of wrath
  5711 | D:7      | Found a transporter.
  5814 | D:7      | Learned a level 2 spell: Passwall
  5853 | D:7      | Slain by a moth of wrath

Illustrated notes

Levels and vault maps discovered:
D:1:      eino_arrival_water_star, layout_basic
D:2:      layout_rooms
D:3:      layout_basic, serial_glass, glass_columns_a, glass_columns_b,
          serial_bayou_pond_c
D:4:      layout_gridville, minmay_temple_entry_mist, uniq_blork_the_orc,
          uniq_menkaure
D:5:      layout_basic, nicolae_elyvilon_peaceful_grove,
          mainiacjoe_overflow_brackets, old_standard_altar
D:6:      layout_basic, nicolae_qazlal_beasts_of_the_sky, old_standard_altar,
          mainiacjoe_overflow_24_doors, serial_undead, serial_undead_b,
          serial_undead_d, serial_undead_a, serial_undead_f
D:7:      layout_basic, grunt_dithmenos_shadows,
          gammafunk_ghost_wrathful_warriors, kennysheep_generic_room_4
Temple:   dpeg_chambers_temple

Skill      XL: |  1  2  3  4  5  6  7  8  9 |
---------------+----------------------------+-----
Hexes          | 4 5 6 7 9 |  9.1
Fire Magic     | 1 2 3 |  3.0
Ranged Weapons | 3 4 6 7 |  7.1
Fighting       | 2 3 4 5 |  5.4
Spellcasting   | 2 3 4 |  4.7
Translocations | 1 2 3 |  3.0
Dodging        | |  1.7

Action                     |  1- 3 |  4- 6 |  7- 9 || total
---------------------------+-------+-------+-------++-------
   Fire: Sling             |    85 |    61 |       ||   146
         Arbalest          |       |     4 |   145 ||   149
  Throw: Dart              |       |     7 |       ||     7
   Cast: Slow              |     1 |     3 |     4 ||     8
         Inner Flame       |       |     5 |    11 ||    16
         Portal Projectile |       |       |     4 ||     4
         Cause Fear        |       |       |     1 ||     1
 Invoke: Recall Ancestor   |       |       |     2 ||     2
         Ancestor Identity |       |       |     1 ||     1
    Use: Scroll            |       |       |     9 ||     9
 Armour: Robe              |     5 |     1 |    16 ||    22
  Dodge: Dodged            |    20 |    17 |    56 ||    93
